Cogmind - Beta 9.6 @@@ ROGUE MODE // 2020.04.21 @ 16:59:39 Player: Omewes Result: Self-destructed Performance ------------- Evolutions (4) 2000 Regions Visited (9) 1800 Robots Destroyed (105) 525 Value Destroyed (2852) 2852 Prototype IDs (7) 140 Alien Tech Used (0) 0 Bonus (82) 82 TOTAL SCORE: 7399 Bonus ------- High Alert Combat Kills 82 Cogmind --------- Core Integrity 728/850 Matter 265/300 Energy 75/170 System Corruption 2% Temperature Cool (64) Movement Walking (150) Ox1 Location -6/Factory Parts ------- > --- POWER (1) -------- Micro Fission Core > --- PROPULSION (3) --- Improved Carbon-fiber Leg Improved Carbon-fiber Leg > --- UTILITY (9) ------ Improved Cooling System Large Storage Unit Improved Signal Interpreter Target Analyzer Core Analyzer Improved Medium Armor Plating > --- WEAPON (2) ------- Phase Cannon Compact Ion Cannon > --- INVENTORY (10) --- Advanced Visual Processing Unit Advanced Terrain Scanner Precision Shock Rifle Precision Shock Rifle Precision Shock Rifle Plasma Cannon Gauss Rifle Long-range Missile Launcher Peak State ------------ > --- POWER ------------ Heavy Deuterium Engine > --- PROPULSION ------- Improved Carbon-fiber Leg Improved Carbon-fiber Leg Improved Carbon-fiber Leg > --- UTILITY ---------- Improved Cooling System Large Storage Unit Enhanced Optical Array Improved Signal Interpreter Advanced Terrain Scanner Target Analyzer Core Analyzer Improved Utility Shielding Improved Medium Armor Plating > --- WEAPON ----------- Precision Shock Rifle Compact Ion Cannon > --- INVENTORY -------- Improved Carbon-fiber Leg Improved Carbon-fiber Leg Advanced Visual Processing Unit Reflective Plating Precision Shock Rifle Precision Shock Rifle Plasma Cannon Gauss Rifle Gauss Rifle Impact Mace [Rating: 60] Favorites ----------- Power Ion Engine Engine Ion Engine Power Core Micro Nuclear Core Propulsion Aluminum Leg Leg Aluminum Leg Wheel Armored Wheel Utility Medium Storage Unit Device Heat Sink Storage Medium Storage Unit Processor Target Analyzer Hackware Hacking Suite Protection Weapon Shielding Weapon Improved Medium Laser Energy Gun Improved Medium Laser Energy Cannon Plasma Cannon Ballistic Gun High-powered Shotgun Ballistic Cannon Gauss Cannon Impact Weapon Impact Mace Build | -11 -10 -10 -9 -9 -9 -8 -8 -7 -6 ------- Run | Scr Mat Min Mat Min Exi Min Mat Fac Fac Slots Evolved 8 | . . . 2 . . . 2 2 2 Power . | . . . . . . . . . . Propulsion 1 | . . . . . . . 1 . . Utility 7 | . . . 2 . . . 1 2 2 Weapon . | . . . . . . . . . . Parts Attached 146 | 6 5 13 22 . . 5 13 60 22 Power 19 | 1 . 1 5 . . 2 2 6 2 Engine 12 | 1 . 1 3 . . 2 1 3 1 Core 7 | . . . 2 . . . 1 3 1 Reactor . | . . . . . . . . . . Propulsion 30 | 2 2 4 2 . . 1 2 14 3 Treads . | . . . . . . . . . . Leg 27 | 2 2 4 2 . . 1 2 11 3 Wheel 3 | . . . . . . . . 3 . Hover . | . . . . . . . . . . Flight . | . . . . . . . . . . Utility 45 | 1 2 2 6 . . 1 5 19 9 Device 9 | . . 1 . . . . 2 3 3 Storage 6 | 1 1 1 . . . . . 3 . Processor 9 | . . . 2 . . . 1 4 2 Hackware 3 | . . . . . . . 1 2 . Protection 18 | . 1 . 4 . . 1 1 7 4 Artifact . | . . . . . . . . . . Weapon 52 | 2 1 6 9 . . 1 4 21 8 Energy Gun 35 | 2 1 6 7 . . 1 4 12 2 Energy Cannon 9 | . . . 2 . . . . 2 5 Ballistic Gun 4 | . . . . . . . . 4 . Ballistic Cannon 1 | . . . . . . . . 1 . Launcher . | . . . . . . . . . . Special Weapon . | . . . . . . . . . . Impact Weapon 3 | . . . . . . . . 2 1 Slashing Weapon . | . . . . . . . . . . Piercing Weapon . | . . . . . . . . . . Special Melee Weapon . | . . . . . . . . . . Unidentified Prototypes 7 | . . . 1 . . . . 5 1 Parts Lost 30 | . . 2 4 . . 3 2 11 8 Power 5 | . . . 1 . . . 1 1 2 Propulsion 8 | . . . 1 . . 1 1 3 2 Utility 10 | . . . 1 . . 1 . 6 2 Weapon 7 | . . 2 1 . . 1 . 1 2 Highest Loss Streak 7 | . . 1 4 . . 2 1 7 5 Average Slot Usage (%) 92 | . 98 99 91 100 100 100 79 90 97 Engine 6 | . 14 14 7 11 11 11 7 1 5 Core 2 | . . . 3 . . . 1 4 . Leg 20 | . 28 28 22 22 22 22 13 17 20 Device 8 | . . 7 11 11 11 11 9 6 12 Storage 9 | . 14 14 11 11 11 11 9 6 6 Processor 10 | . . . 9 11 11 11 9 14 24 Hackware 3 | . . . . . . . 5 8 . Protection 9 | . 12 6 11 11 11 11 6 10 14 Energy Gun 16 | . 28 27 12 22 22 22 17 11 2 Energy Cannon 1 | . . . 2 . . . . 1 6 Naked Turns . | . . . . . . . . . . Heaviest Build 53 | 11 16 18 22 19 19 25 25 52 53 Greatest Support 54 | 20 20 20 20 20 20 20 30 54 54 Greatest Overweight (x) 3 | 1 . . 1 . . 2 1 3 . Average Overweight (x) . | . . . . . . . . . . Largest Inventory Capacity 10 | 6 8 8 8 8 8 8 8 10 10 Average Capacity 8 | 4 7 8 8 8 8 8 8 7 10 Most Carried 10 | 2 6 8 8 8 8 8 8 10 10 Average Carried 7 | . 4 7 6 8 8 6 7 7 9 Final Capacity 10 | 6 8 8 8 8 8 8 8 10 10 Final Carried 10 | 2 6 7 8 8 8 5 8 10 8 Class Distribution -------------------- 50% | Scavenger-Mutant 38% | Mutant 10% | Hacker-Mutant Dominant Class ---------------- Mutant | -10/Materials Scavenger-Mutant | -10/Mines Scavenger-Mutant | -9/Materials Scavenger-Mutant | -9/Mines Scavenger-Mutant | -9/Exiles Scavenger-Mutant | -8/Mines Scavenger-Mutant | -8/Materials Scavenger-Mutant | -7/Factory Mutant | -6/Factory Resources | -11 -10 -10 -9 -9 -9 -8 -8 -7 -6 ----------- Run | Scr Mat Min Mat Min Exi Min Mat Fac Fac Matter Collected 1695 | 239 71 130 215 . . 40 145 710 145 Remotely . | . . . . . . . . . . Salvage Created 4035 | . 144 286 577 . . 171 653 1598 606 Parts 203 | . 11 16 37 . . 19 40 64 16 Haulers Intercepted 8 | . 1 . 1 . . . 5 1 . Recyclers Shooed 6 | . . 2 1 . . . 1 . 2 Parts Field Recycled . | . . . . . . . . . . Retrieved Matter . | . . . . . . . . . . Parts Self-Destructed . | . . . . . . . . . . Prevented . | . . . . . . . . . . Kills | -11 -10 -10 -9 -9 -9 -8 -8 -7 -6 ------- Run | Scr Mat Min Mat Min Exi Min Mat Fac Fac Combat Hostiles Destroyed 76 | . 3 6 10 . . 11 13 28 5 Guns 57 | . 3 6 7 . . 11 13 17 . Cannons 16 | . . . 3 . . . . 9 4 Classes Destroyed 14 | . 3 2 4 . . . 1 3 1 Worker 6 | . . 1 . . . . . 5 . Builder 2 | . . . . . . . . 2 . Tunneler 2 | . . 1 1 . . . . . . Hauler 8 | . 1 . 1 . . . 5 1 . Recycler 4 | . . . 1 . . . . 1 2 Operator 1 | . . . . . . . 1 . . Watcher 6 | . . . 1 . . . 1 3 1 Swarmer 31 | . 1 . 3 . . 11 9 7 . Grunt 26 | . 2 6 3 . . . 2 11 2 Brawler 1 | . . . . . . . . 1 . Duelist 1 | . . . 1 . . . . . . Sentry 11 | . . . 3 . . . 2 5 1 Hunter 2 | . . . . . . . . . 2 Programmer 4 | . . . . . . . . 4 . Best Kill Streak 6 | . 2 2 6 . . 4 4 6 4 Combat Bots Only 6 | . 2 2 6 . . 4 4 4 2 Max Kills in Single Turn 2 | . 1 1 1 . . 1 2 2 1 Gunslinging 1 | . . . . . . . 1 . . Exploded . | . . . . . . . . . . Melee . | . . . . . . . . . . Uniques/NPCs Destroyed . | . . . . . . . . . . Combat | -11 -10 -10 -9 -9 -9 -8 -8 -7 -6 -------- Run | Scr Mat Min Mat Min Exi Min Mat Fac Fac Damage Taken 5793 | . 121 481 663 . . 350 439 2398 1341 Core 1081 | . 17 75 170 . . 66 94 537 122 Absorbed by Shields . | . . . . . . . . . . Core Remaining (%) 61 | 100 . 63 . . . 41 82 23 . Volleys Fired 336 | . 13 35 60 . . 23 50 114 41 Largest 2 | . 2 2 2 . . 2 2 2 2 Hottest 180 | . 80 105 112 . . 112 119 160 180 Shots Fired 568 | . 26 70 70 . . 46 100 205 51 Gun 463 | . 26 70 50 . . 46 100 167 4 Cannon 105 | . . . 20 . . . . 38 47 Launcher . | . . . . . . . . . . Special . | . . . . . . . . . . Kinetic 14 | . . . . . . . . 14 . Thermal 452 | . 26 70 30 . . 46 100 133 47 Explosive . | . . . . . . . . . . Electromagnetic 102 | . . . 40 . . . . 58 4 Robot Hit Streak 28 | . 6 10 10 . . 4 19 28 15 Robot Miss Streak 3 | . 2 3 3 . . 3 3 3 2 Penetration Max . | . . . . . . . . . . Secondary Targets 4 | . . . . . . 2 1 1 . Max Gunslinging Chain 1 | . . . . . . 1 1 1 . Shots Hit Robots 397 | . 17 46 52 . . 21 62 162 37 Core Hits 181 | . 7 17 18 . . 11 28 85 15 Critical Hits 8 | . . . 1 . . . . 3 4 Critical Kills 1 | . . . . . . . . . 1 Critical Parts Destroyed 6 | . . . . . . . . 3 3 Melee Attacks 5 | . . . . . . . . 5 . Impact 5 | . . . . . . . . 5 . Slashing . | . . . . . . . . . . Piercing . | . . . . . . . . . . Sneak Attacks . | . . . . . . . . . . Combat Hostiles . | . . . . . . . . . . Follow-up Attacks . | . . . . . . . . . . Damage Inflicted 7773 | . 181 570 854 . . 212 983 3672 1301 Guns 5500 | . 181 570 590 . . 212 981 2913 53 Cannons 2074 | . . . 264 . . . . 618 1192 Explosions 138 | . . . . . . . . 138 . Melee . | . . . . . . . . . . Ramming 61 | . . . . . . . 2 3 56 Kinetic 247 | . . . . . . . . 247 . Thermal 6042 | . 181 570 389 . . 212 981 2517 1192 Explosive . | . . . . . . . . . . Electromagnetic 1423 | . . . 465 . . . . 905 53 Impact . | . . . . . . . . . . Slashing . | . . . . . . . . . . Piercing . | . . . . . . . . . . Highest Corruption 10 | . . . . . . . 3 10 2 Average Corruption 5 | . . . . . . . 2 6 2 Corruption Purged . | . . . . . . . . . . Effects 56 | . . . . . . . 4 47 5 Message Errors 12 | . . . . . . . 1 8 3 Matter Fused 11 | . . . . . . . 2 9 . Heat Flow Errors 6 | . . . . . . . 1 4 1 Energy Discharges 3 | . . . . . . . . 3 . Data Loss (minor) 6 | . . . . . . . . 6 . Data Loss (major) 3 | . . . . . . . . 3 . Misdirections 6 | . . . . . . . . 6 . Targeting Errors 6 | . . . . . . . . 5 1 Weapon Failures 3 | . . . . . . . . 3 . Overload Shots . | . . . . . . . . . . Overflow Damage 138 | . . . 12 . . . . 103 23 Projectiles 45 | . . . 12 . . . . 10 23 Explosions 93 | . . . . . . . . 93 . Melee . | . . . . . . . . . . Knockbacks 2 | . . . . . . . . 2 . Impact . | . . . . . . . . . . Kinetic 2 | . . . . . . . . 2 . Secondary . | . . . . . . . . . . Self-Inflicted Damage 76 | . . . . . . . . 60 16 Shots 1 | . . . . . . . . 1 . Rammed 4 | . . . . . . . . 1 3 Targets Rammed 9 | . . . . . . . 1 1 7 Kicked 5 | . . . . . . . 1 . 4 Crushed . | . . . . . . . . . . Highest Temperature 408 | . 162 370 78 . . 129 211 408 144 Average Temperature 54 | . 58 97 20 . . 51 28 52 43 Received Heat Transfer 1479 | . 54 288 189 . . . 81 567 300 Effects 3 | . . 2 . . . . . 1 . Shutdowns 1 | . . . . . . . . 1 . Interference 1 | . . 1 . . . . . . . Damage (minor) 1 | . . 1 . . . . . . . Siege Activations . | . . . . . . . . . . Robots Corrupted 1 | . . . . . . . . 1 . Combat Hostiles . | . . . . . . . . . . Parts Fried 12 | . . . 3 . . . . 9 . Impact Corruptions . | . . . . . . . . . . Robots Melted 3 | . . . . . . . . 2 1 Combat Hostiles 3 | . . . . . . . . 2 1 Parts Melted 30 | . 1 1 4 . . . 8 12 4 Heat Transferred 11091 | . 400 1354 827 . . 481 2183 4199 1647 Parts Sabotaged 2 | . . . . . . . . . 2 Parts Stolen . | . . . . . . . . . . Parts Stripped . | . . . . . . . . . . Power Chain Reactions . | . . . . . . . . . . Missiles Intercepted . | . . . . . . . . . . Alert | -11 -10 -10 -9 -9 -9 -8 -8 -7 -6 ------- Run | Scr Mat Min Mat Min Exi Min Mat Fac Fac Peak Influence 591 | . 124 93 254 99 . 210 372 591 460 Average Influence 201 | . 63 59 97 99 . 130 223 296 351 Maximum Alert Level 2 | . . . 1 . . 1 1 2 2 Low Security (%) 54 | 100 100 100 93 100 . 76 33 28 . Level 1 35 | . . . 6 . . 23 66 49 76 Level 2 10 | . . . . . . . . 22 23 Level 3 . | . . . . . . . . . . Level 4 . | . . . . . . . . . . Level 5 . | . . . . . . . . . . High Security . | . . . . . . . . . . Max Security . | . . . . . . . . . . Squads Dispatched 22 | . 1 . 1 . . . 1 12 7 Investigation . | . . . . . . . . . . Extermination 3 | . . . . . . . . 3 . Reinforcement 7 | . 1 . 1 . . . 1 3 1 Assault 1 | . . . . . . . . . 1 Garrison 11 | . . . . . . . . 6 5 Intercept . | . . . . . . . . . . Construction Impeded 2 | . . . . . . . . 1 1 Haulers Reinforced 1 | . . . . . . . . 1 . Stealth | -11 -10 -10 -9 -9 -9 -8 -8 -7 -6 --------- Run | Scr Mat Min Mat Min Exi Min Mat Fac Fac Distress Signals 8 | . . . . . . . 4 2 2 Communications Jammed . | . . . . . . . . . . Distress Signals . | . . . . . . . . . . Times Spotted 150 | . 7 8 21 . . 12 27 49 26 Peak Tracking Total 11 | . 5 2 4 . . 4 6 6 11 Tactical Retreats 18 | . 1 1 2 . . 1 3 6 4 Traps | -11 -10 -10 -9 -9 -9 -8 -8 -7 -6 ------- Run | Scr Mat Min Mat Min Exi Min Mat Fac Fac Traps Triggered 7 | . . . . . . . 4 3 . Indirectly . | . . . . . . . . . . Trap Hack Attempts . | . . . . . . . . . . Triggered . | . . . . . . . . . . Disarmed . | . . . . . . . . . . Reprogrammed . | . . . . . . . . . . Reused . | . . . . . . . . . . Traps Extracted . | . . . . . . . . . . Installed . | . . . . . . . . . . Triggered 1 | . . . . . . . . 1 . Machines | -11 -10 -10 -9 -9 -9 -8 -8 -7 -6 ---------- Run | Scr Mat Min Mat Min Exi Min Mat Fac Fac Machines Disabled 4 | . . . 1 . . . 1 2 . Max in Single Turn 1 | . . . 1 . . . 1 1 . Machines Sabotaged . | . . . . . . . . . . Garrisons Compromised . | . . . . . . . . . . Overloaded Fab Kills . | . . . . . . . . . . Fab Network Shutdowns . | . . . . . . . . . . Hacking | -11 -10 -10 -9 -9 -9 -8 -8 -7 -6 --------- Run | Scr Mat Min Mat Min Exi Min Mat Fac Fac Machines Accessed 16 | . 1 . 2 . 2 . 2 7 2 Terminals 6 | . 1 . 1 . . . 2 2 . Fabricators 2 | . . . . . . . . 1 1 Repair Stations 2 | . . . 1 . . . . 1 . Recycling Units 2 | . . . . . . . . 1 1 Scanalyzers . | . . . . . . . . . . Garrison Access 2 | . . . . . . . . 2 . Total Hacks 34 | . 2 . 6 . 2 . 6 16 2 Successful 20 | . 1 . 4 . 2 . 4 7 2 Failed 14 | . 1 . 2 . . . 2 9 . Catastrophic 3 | . . . . . . . . 3 . Database Lockouts . | . . . . . . . . . . Manual 15 | . . . 4 . . . 4 6 1 Terminals 15 | . 2 . 4 . . . 6 3 . Fabricators 5 | . . . . . . . . 4 1 Repair Stations 4 | . . . 2 . . . . 2 . Recycling Units 2 | . . . . . . . . 1 1 Scanalyzers . | . . . . . . . . . . Garrison Access 6 | . . . . . . . . 6 . Terminal Hacks 4 | . 1 . 1 . 2 . . . . Record 2 | . . . . . 2 . . . . Branch Access Points 1 | . 1 . . . . . . . . Zone Layout 1 | . . . 1 . . . . . . Fabricator Hacks 1 | . . . . . . . . 1 . Build 1 | . . . . . . . . 1 . Repair Station Hacks 3 | . . . 2 . . . . 1 . Scan Component 2 | . . . 1 . . . . 1 . Repair 1 | . . . 1 . . . . . . Recycling Unit Hacks 2 | . . . . . . . . 1 1 Retrieve Components 2 | . . . . . . . . 1 1 Scanalyzer . | . . . . . . . . . . Garrison Access Hacks . | . . . . . . . . . . Unauthorized Hacks 10 | . . . 1 . . . 4 4 1 Terminals 6 | . . . 1 . . . 4 1 . Track 3 | . . . 1 . . . 1 1 . Botnet 1 | . . . . . . . 1 . . Disrupt 1 | . . . . . . . 1 . . Operators 1 | . . . . . . . 1 . . Fabricators 3 | . . . . . . . . 2 1 Report 2 | . . . . . . . . 1 1 Prioritize 1 | . . . . . . . . 1 . Repair Stations . | . . . . . . . . . . Recycling Units . | . . . . . . . . . . Scanalyzers . | . . . . . . . . . . Garrison Access 1 | . . . . . . . . 1 . Watchers 1 | . . . . . . . . 1 . Data Cores Recovered . | . . . . . . . . . . Used . | . . . . . . . . . . Hacking Detections 9 | . 1 . 1 . . . 1 5 1 Full Trace Events 1 | . . . 1 . . . . . . Feedback Events . | . . . . . . . . . . Feedback Blocked . | . . . . . . . . . . Robot Schematics Acquired . | . . . . . . . . . . Robots Built . | . . . . . . . . . . Matter . | . . . . . . . . . . Time . | . . . . . . . . . . Total Robot Build Rating . | . . . . . . . . . . Part Schematics Acquired . | . . . . . . . . . . Parts Built 2 | . . . . . . . . 2 . Matter 168 | . . . . . . . . 168 . Time 84 | . . . . . . . . 84 . Total Part Build Rating 8 | . . . . . . . . 8 . Parts Repaired 1 | . . . 1 . . . . . . Time 26 | . . . 26 . . . . . . Parts Recycled . | . . . . . . . . . . Recycled Matter . | . . . . . . . . . . Retrieved Matter . | . . . . . . . . . . Retrieved Components 12 | . . . . . . . . 3 9 Parts Scanalyzed . | . . . . . . . . . . Part Schematics Acquired . | . . . . . . . . . . Parts Damaged . | . . . . . . . . . . Bothacking | -11 -10 -10 -9 -9 -9 -8 -8 -7 -6 ------------ Run | Scr Mat Min Mat Min Exi Min Mat Fac Fac Used RIF Installer . | . . . . . . . . . . Robots Hacked . | . . . . . . . . . . Non-combat . | . . . . . . . . . . Combat . | . . . . . . . . . . Robot Hacks Applied . | . . . . . . . . . . Relay Couplers Released . | . . . . . . . . . . Robots Rewired . | . . . . . . . . . . Allies Hacked . | . . . . . . . . . . Hacks Repelled . | . . . . . . . . . . Allies | -11 -10 -10 -9 -9 -9 -8 -8 -7 -6 -------- Run | Scr Mat Min Mat Min Exi Min Mat Fac Fac Total Allies . | . . . . . . . . . . Largest Group . | . . . . . . . . . . Highest-Rated Group . | . . . . . . . . . . Highest-Rated Ally . | . . . . . . . . . . Total Orders . | . . . . . . . . . . Ally Attacks . | . . . . . . . . . . Total Damage . | . . . . . . . . . . Kills . | . . . . . . . . . . Allies Corrupted . | . . . . . . . . . . Allies Melted . | . . . . . . . . . . Intel | -11 -10 -10 -9 -9 -9 -8 -8 -7 -6 ------- Run | Scr Mat Min Mat Min Exi Min Mat Fac Fac Robot Analysis Total . | . . . . . . . . . . Derelict Logs Recovered 2 | . . 1 . 1 . . . . . Drone Launches . | . . . . . . . . . . Drone Recoveries . | . . . . . . . . . . Exploration | -11 -10 -10 -9 -9 -9 -8 -8 -7 -6 ------------- Run | Scr Mat Min Mat Min Exi Min Mat Fac Fac Turns Passed 6437 | 75 255 969 778 100 368 352 782 2259 499 Spaces Moved 3950 | 62 145 666 425 84 307 181 376 1445 259 Core 168 | 17 . . . . . . . 151 . Treads . | . . . . . . . . . . Legs 3575 | 45 145 666 425 84 307 181 376 1087 259 Wheels 207 | . . . . . . . . 207 . Hover . | . . . . . . . . . . Flight . | . . . . . . . . . . Fastest Speed 50 | 50 120 120 120 120 120 120 120 50 120 Average Speed 120 | 104 120 120 121 120 120 144 142 111 120 Slowest Speed 210 | 120 120 120 150 120 120 180 150 210 120 Overloaded Moves . | . . . . . . . . . . Propulsion Burnouts . | . . . . . . . . . . Robots Hopped . | . . . . . . . . . . Cave-ins Triggered . | . . . . . . . . . . Exploration Rate (%) 37 | 5 31 80 32 26 72 69 36 19 8 Regions Visited 9 Branch Regions 4 Pre-discovered Areas 1 | . . 1 . . . . . . . Known Exits Taken 2 | . 1 . . . . . . 1 . Unknown Exits Taken 7 | 1 . 1 1 1 1 1 1 . . Scrap Searched 2 | . . 1 . . . 1 . . . Spaces Dug 4 | . . . . . . . . 4 . Terrain Destroyed 41 | . . . . . . . . 38 3 Melee 4 | . . . . . . . . 4 . Projectile 3 | . . . . . . . . . 3 AOE 34 | . . . . . . . . 34 . Actions | -11 -10 -10 -9 -9 -9 -8 -8 -7 -6 --------- Run | Scr Mat Min Mat Min Exi Min Mat Fac Fac Total 5055 | 69 199 767 619 83 306 226 526 1870 390 Wait 457 | . 29 40 83 . . 16 66 176 47 Move 3941 | 61 144 665 424 83 306 180 375 1444 259 Hop . | . . . . . . . . . . Pick Up 59 | 2 4 4 9 . . . 9 25 6 Fast Attach 54 | 6 1 . 10 . . 1 8 22 6 Attach 31 | . . 2 11 . . 3 1 8 6 Detach 23 | . . . 11 . . . 2 6 4 Swap 61 | . 4 11 1 . . 1 4 30 10 Drop 79 | . 4 10 10 . . 2 10 39 4 Fire 336 | . 13 35 60 . . 23 50 114 41 Melee 5 | . . . . . . . . 5 . Ram 1 | . . . . . . . . 1 . Kick 8 | . . . . . . . 1 . 7 Crush . | . . . . . . . . . . Escape Stasis . | . . . . . . . . . . Rewire . | . . . . . . . . . . Trap . | . . . . . . . . . . Miscellaneous . | . . . . . . . . . . Route ------- -11/Scrapyard -10/Materials (discovered 2 exits: *Mat / *Min) -10/Mines (discovered 2 exits: *Mat x2) -9/Materials (discovered 2 exits: *Mat / [*Min]) -9/Mines -9/Exiles -8/Mines -8/Materials -7/Factory (discovered 2 exits: *Fac / *Sto) -6/Factory History --------- Turn | Location | Event 2 | -11/Scrapyard | Discovered new exit (range 16) 76 | -11/Scrapyard | Entered Materials 94 | -10/Materials | Identified exit to Mines 255 | -10/Materials | Discovered new exit (range 16) 316 | -10/Materials | Build established: Mutant 331 | -10/Materials | Entered Mines 444 | -10/Mines | Met a Derelict bent on vengeance 478 | -10/Mines | Discovered new exit (range 11) 640 | -10/Mines | Received a Rocket Launcher from a helpful Derelict 886 | -10/Mines | Discovered new exit (range 16) 1045 | -10/Mines | Learned location of Storage (-7) 1048 | -10/Mines | Joined a pair of Derelicts in attacking an 0b10 outpost 1086 | -10/Mines | Build established: Scavenger-Mutant 1300 | -10/Mines | Entered Materials 1300 | -9/Materials | Evolved 2 slots: Utility x2 1404 | -9/Materials | Repaired Sml. Laser 1721 | -9/Materials | Discovered new exit (range 12) 1917 | -9/Materials | Lost 4 parts (1p1n1u1w) 1956 | -9/Materials | Build established: Mutant 2064 | -9/Materials | Discovered new exit (range 11) 2078 | -9/Materials | Entered Mines 2083 | -9/Mines | Learned Materials security intel 2173 | -9/Mines | Deemed a non-threat by the Exiles lab entrance 2173 | -9/Mines | Discovered new exit (range 5) 2178 | -9/Mines | Entered Exiles 2178 | -9/Exiles | Found Exiles lab abandoned 2267 | -9/Exiles | Build established: Scavenger-Mutant 2531 | -9/Exiles | Discovered new exit (range 14) 2546 | -9/Exiles | Entered Mines 2623 | -8/Mines | Core integrity fell below 50% 2885 | -8/Mines | Discovered new exit (range 10) 2898 | -8/Mines | Entered Materials 2898 | -8/Materials | Evolved 2 slots: Propulsion x1, Utility x1 3485 | -8/Materials | Discovered new exit (range 16) 3680 | -8/Materials | Entered Factory 3680 | -7/Factory | Evolved 2 slots: Utility x2 3793 | -7/Factory | Fabricated Lyr. Light Armor Plating? 3997 | -7/Factory | Build established: Hacker-Mutant 4153 | -7/Factory | Discovered new exit (range 3) 4339 | -7/Factory | Garrison activated, responded to threat 4654 | -7/Factory | Garrison activated, responded to threat 4658 | -7/Factory | Build established: Scavenger-Mutant 4753 | -7/Factory | Lost 7 parts (1p2n3u1w) 4834 | -7/Factory | Core integrity fell below 50% 4962 | -7/Factory | Build established: Mutant 5243 | -7/Factory | Identified exit to Factory 5301 | -7/Factory | System corruption reached 10% 5320 | -7/Factory | Discovered new exit (range 15) 5337 | -7/Factory | Identified exit to Storage 5451 | -7/Factory | Build established: Scavenger-Mutant 5939 | -7/Factory | Entered another Factory area 5939 | -6/Factory | Evolved 2 slots: Utility x2 5972 | -6/Factory | Build established: Mutant 5997 | -6/Factory | Garrison activated, responded to threat 6279 | -6/Factory | Garrison activated, responded to threat 6289 | -6/Factory | First assault squad dispatched 6438 | -6/Factory | Self-destructed Last Messages --------------- 06422_ Acquired Mic. Fission Core. 06424_ G-50 Soldier destroyed. 06425_ Acquired Imp. Light Armor Plating. 06430_ C-30 ARC bursts open, deploying its payload. 06430_ G-67 Veteran unfolds itself. 06430_ B-48 Gladiator unfolds itself. 06430_ G-50 Soldier unfolds itself. 06430_ L-41 Fighter unfolds itself. 06430_ Imp. Carbon-fiber Leg destroyed. 06431_ K-01 Serf collects debris. 06431_ R-10 Processor collects Lgt. Angular Momentum Engine. 06433_ Imp. Carbon-fiber Leg destroyed. 06434_ Imp. Light Armor Plating blown off. 06434_ Reflective Plating blown off. 06434_ E-15 Imp destroyed. 06434_ R-10 Processor collects Adv. Heat Sink. 06435_ K-01 Serf collects debris. 06436_ >> REPORT: Fabrication network allocation +424, current total at 976. 06437_ U-05 Engineer lays Concrete. 06437_ Imp. Utility Shielding destroyed. Map ----- +----------------------------------------------------+ | ?????????????????????????????????????????????????? | | ?????????????????????????????????????????????????? | | ?????????????????????????????????????????????????? | | ?????????????????????????????????????????????????? | | ?????????????????????????????????????????????????? | | ?????????????????????????????????????????????????? | | ?????????????????????????????????????????????????? | | ?????????????????????????????????????????????????? | | ?????????????????????????????????????????????????? | | ?????????????????????????????????????????????????? | | ?????????????????????????????????????????????????? | | ?????????????????????????????????????????????????? | | ????? ???????????????????????????????????????????? | | ????? ???????????????????????????????????????????? | | ????? ???????????????????????????????????????????? | | ????? ???????????????????????????????????????????? | | ????? ???????????????????????????????????????????? | | ????? ???????????????????????????????????????????? | | ????? ???????????????????????????????????????????? | | ????# #??????????????????????????????????????????? | | ????# #??????????????????????????????????????????? | | ????# #??????????????????????????????????????????? | | ????# #????####################??????????????????? | | ????# #????# ] g !! u #??????????????????? | | ????# #????# !%R g u=!""" #??????????????????? | | ????# #????# """ """ """@[Y" #??????????????????? | | ????# #????# """ """ """=""" #??????????????????? | | ##### ###### """ """ """pb/ #??????????????????? | | % %%%/==%%!+ R!%g #??????????????????? | | ############ #??????????????????? | | ???????????# #??????????????????? | | ???????????##########Y####;####??????????????????? | | ???????????????????? k????##?????????????????????? | | ??????????????????? ????????????????????????????? | | ?????????????????????????????????????????????????? | | ?????????????????????????????????????????????????? | | ?????????????????????????????????????????????????? | | #????????????????????????????????????????????????? | | #????????????????????????????????????????????????? | | #????????????????????????????????????????????????? | | #????????????????????????????????????????????????? | | #????????????????????????????????????????????????? | | #?????????? ?????????????????????????????????????? | | #????????????????????????????????????????????????? | | #????????????????????????????????????????????????? | | #?????? ?????????????????????????????????????????? | | #????????????????????????????????????????????????? | | ######???????????????????????????????????????????? | | ??????????????????????????????????????????? | | ??????????????????????????????????????????? | +----------------------------------------------------+ Best States ------------- Heat Dissipation 64 Energy Generation 18 Energy Capacity 310 Matter Stores 300 Matter Capacity 300 Sight Range 22 Terrain Scan Range 20 Terrain Scan Density 10 Armor Coverage 525 Resistance: TH 10 Core Shielding 20 Utility Shielding 66 Weapon Shielding 66 Evasion (%) 50 Targeting Accuracy 8 Target Analysis 5 Core Analysis 6 Particle Charging 20 Offensive Hacking 10 Defensive Hacking 12 Item Schematics ----------------- None Robot Schematics ------------------ None Fabricated ------------ Lyr. Light Armor Plating | x2 | -7/Factory | Preloaded Alien Tech Used ----------------- None Achievements -------------- None Challenges ------------ None Game ------ Seed PropulsionDroneDesublimator Manual? 0 Play Time 01:04:59 Cumulative 208.2 hours Start 2020.04.20 @ 13:54:20 End 2020.04.21 @ 16:59:39 Sessions 5 Manual Loads 0 Difficulty Rogue Special Mode None Game No. 157 Rogue 157 Adventurer 0 Explorer 0 Win Type - Total 10 Types 5/0/1/1/0/2/1 Lore% 75 Gallery% 79 Achievement% 72 Wizard Run 0 Options --------- ASCII 0 Keyboard 1 Movement Numpad Keybinds 0 Fullscreen 1 Font 12/Terminus Map View 83x54 Tactical HUD 1 Map Filters NONE Filters LOW_CONTRAST(13,24,33) Steam 1 RUN: b3c30683-c3b8-411f-826f-039c226978c3